 Dungeon Crawl Stone Soup version 0.18.1-6-gd335043 (webtiles) character file.

26218 mopl the Severer (level 13, -16/116 HPs)
             Began as a Hill Orc Fighter on May 17, 2016.
             Was a High Priest of the Shining One.
             Demolished by a hill giant
             ... wielding a +0 giant club
              (27 damage)
             ... on level 14 of the Dungeon.
             The game lasted 00:27:22 (13239 turns).

mopl the Severer (Hill Orc Fighter)                Turns: 13239, Time: 00:27:23

Health: -16/116    AC: 19    Str: 20    XL:     13   Next: 24%
Magic:  17/17      EV: 11    Int:  8    God:    the Shining One [*****.]
Gold:   267        SH:  0    Dex: 19    Spells: 3 memorised, 2 levels left

rFire  . . .     SeeInvis .     a - +0 battleaxe (flame)
rCold  + . .     Gourm    .     M - +0 plate armour {rC+}
rNeg   + + .     Faith    +     (shield currently unavailable)
rPois  .         Spirit   .     t - +0 helmet
rElec  .         Dismiss  .     v - +0 cloak {MR+}
rCorr  .         Reflect  .     L - +0 pair of gloves
SustAt .         Harm     .     (no boots)
MR     ++...                    T - amulet of faith {!P}
Stlth  ..........               N - +5 ring of dexterity
                                R - ring of protection from magic {=R}

@: glowing, very resistant to hostile enchantments, extremely unstealthy
A: no striking features
a: Divine Shield, Cleansing Flame, Summon Divine Warrior, Renounce Religion


You were on level 14 of the Dungeon.
You worshipped the Shining One.
The Shining One was extremely pleased with you.
You were hungry.

You visited 1 branch of the dungeon, and saw 14 of its levels.

You collected 1007 gold pieces.
You spent 740 gold pieces at shops.

Inventory:

Hand Weapons
 a - a +0 battleaxe of flaming (weapon)
Armour
 t - a +0 helmet (worn)
 v - a +0 cloak of magic resistance (worn)
 L - a +0 pair of gloves (worn)
 M - a +0 plate armour of cold resistance (worn)
Rods
 Q - a +0 lightning rod (10/10)
   (You found it on level 8 of the Dungeon)
Jewellery
 e - an uncursed ring of protection from fire
 B - an uncursed ring of protection from magic
 G - an uncursed ring of resist corrosion
 N - a +5 ring of dexterity (right hand)
 R - a ring of protection from magic (left hand) {=R}
 T - an amulet of faith (around neck) {!P}
Wands
 b - a wand of iceblast (3/15)
 c - a wand of acid (9/15)
 r - a wand of polymorph (8/24)
 y - a wand of lightning (1/15)
 z - a wand of heal wounds (7/9)
 C - a wand of disintegration (12/24)
 U - a wand of hasting (4/9)
 V - a wand of hasting (1/9)
Scrolls
 h - 5 scrolls of enchant armour {unknown}
 i - 3 scrolls of fear {unknown}
 j - 2 scrolls of fog {unknown}
 k - 3 scrolls of immolation {unknown}
 l - 4 scrolls of teleportation {unknown}
 p - 2 scrolls of magic mapping {unknown}
 q - 2 scrolls of random uselessness {unknown}
 w - 7 scrolls of remove curse
 D - a scroll of noise {unknown}
 E - 3 scrolls of blinking {unknown}
 F - a scroll of summoning {unknown}
 J - 4 scrolls of recharging {unknown}
 K - a scroll of silence {unknown}
 X - 3 scrolls of identify
Potions
 d - 2 potions of might
 g - 5 potions of haste
 n - a potion of agility
 u - 7 potions of curing {unknown}
 x - a potion of lignification {!q}
 H - 2 potions of magic
 I - a potion of brilliance
 P - 3 potions of flight
 S - a potion of heal wounds
 W - a potion of cure mutation {!q}
 Z - a potion of ambrosia
Books
 o - a book of Summonings

   Spells                             Type                      Level
   a - Recall                         Summoning/Translocation      3
   b - Aura of Abjuration             Summoning                    5
   c - Summon Demon                   Summoning                    5
   d - Summon Forest                  Summoning/Translocation      5
   e - Summon Mana Viper              Hexes/Summoning              5
   f - Shadow Creatures               Summoning                    6
 O - a book of Enchantments

   Spells                             Type                      Level
   a - Cause Fear                     Hexes                        4
   b - Yara's Violent Unravelling     Hexes/Transmutation          5
   c - Silence                        Hexes/Air                    5
   d - Deflect Missiles               Charms/Air                   6
   e - Haste                          Charms                       6
   f - Discord                        Hexes                        8
 Y - a book of the Earth

   Spells                             Type                      Level
   a - Leda's Liquefaction            Hexes/Earth                  4
   b - Bolt of Magma                  Conjuration/Fire/Earth       5
   c - Statue Form                    Transmutation/Earth          6
   d - Iron Shot                      Conjuration/Earth            6
   e - Shatter                        Earth                        9
Comestibles
 f - 15 bread rations
 m - 3 slices of pizza
 s - 6 meat rations
 A - 6 royal jellies


   Skills:
 + Level 11.5 Fighting
 * Level 17.9 Axes
 + Level 10.4 Armour
 + Level 7.7 Dodging
   Level 3.2 Shields
 + Level 6.1 Invocations


You had 2 spell levels left.
You knew the following spells:

 Your Spells              Type           Power        Failure   Level  Hunger
h - Haste                 Chrm           #.......     100%        6    #######
n - Swiftness             Chrm/Air       #.......     100%        2    ###....
p - Passwall              Trmt/Erth      #.........   100%        2    ###....


Dungeon Overview and Level Annotations

Branches:
Dungeon (14/15)            Temple (0/1) D:5            Lair (0/8) D:8
    Orc (0/2) D:10         Vaults (0/5) D:14

Altars:
Dithmenos
Elyvilon
Gozag
Makhleb
Qazlal
Trog
Vehumet
Xom
The Shining One

Shops:
D:6 (   D:8 !   D:10 [

Annotations:
D:8 exclusion: downstairs
D:10 exclusion: downstairs
D:12 ice manual


Message History

You hit the hill giant. You burn the hill giant.
The hill giant is heavily wounded.
You slash the enormous slime creature! You burn the enormous slime creature!
The enormous slime creature is heavily wounded.
The enormous slime creature hits you but does no damage.
The hill giant misses you.
Unknown command.
You hit the hill giant. You burn the hill giant.
The hill giant is heavily wounded.
You hit the enormous slime creature. You burn the enormous slime creature.
The enormous slime creature is heavily wounded.
You hit the hill giant. You burn the hill giant.
The hill giant is heavily wounded.
You slash the enormous slime creature! You burn the enormous slime creature.
The enormous slime creature is severely wounded.
The enormous slime creature hits you!!!
Ouch! That really hurt!
* * * LOW HITPOINT WARNING * * *
The hill giant hits you with a giant club!!
You die...

..# .. .># #.##
#.# ##..########
#.#.#
#...#......#
#.#.#
#.#.#.####.#
#.#.# ≈.≈)..#
#.# #.#.#
.≈.≈..# #.#
#.#J# ...#(.#
#.# #.#@#
.≈.#..# #.#
#.#C# ...##.##
#.###.#.#.# .≈.
#..# #.........#
... #..#
#####.#.### .≈.
#..# #.....
#..#######...###
#.......##...#
#.#.###.##....


You could see an enormous slime creature and a hill giant.

Vanquished Creatures
  4 vault guards
  The ghost of Chiseanne the Nimble, a journeyman GrWn of Dithmenos (D:13)
  2 hydras (D:14)
  Harold (D:10)
  A centaur warrior (D:14)
  3 unseen horrors
  4 hill giants
  Pikel (D:8)
  A deep elf mage (D:11)
  An ugly thing (D:11)
  A cyclops (D:14)
  A gargoyle (D:10)
  A black mamba (shapeshifter) (D:14)
  A freezing wraith (D:14)
  A tengu conjurer (D:14)
  3 trolls
  A slime creature (D:9)
  A two-headed ogre (D:11)
  Grinder (D:5)
  2 vampires
  2 shadows (D:14)
  2 wyverns
  2 wraiths
  2 basilisks
  13 yaks
  2 hungry ghosts
  A hog (shapeshifter) (D:9)
  6 hippogriffs
  A mottled dragon (D:13)
  2 phantoms
  6 orc warriors
  2 sky beasts
  2 ice beasts
  A black bear (D:12)
  An eye of draining (D:9)
  A necrophage (D:13)
  3 slaves (D:8)
  A wasp (D:11)
  7 ogres
  8 centaurs
  4 crocodiles
  2 big kobolds
  Blork the orc (D:4)
  12 giant frogs
  A wyvern zombie (D:8)
  A gnoll sergeant (D:8)
  3 scorpions
  16 killer bees
  3 howler monkeys
  5 wights (D:11)
  2 spriggan skeletons (D:9)
  2 electric eels (D:12)
  2 centaur zombies
  9 crimson imps
  A giant frog zombie (D:7)
  A quasit (D:11)
  6 hounds
  4 jellies
  10 orc priests
  2 giant frog skeletons
  17 orc wizards
  6 centaur skeletons
  Ijyb (D:3)
  3 iguanas
  9 worker ants
  3 hound skeletons
  A worker ant zombie (D:10)
  Robin (D:3)
  13 gnolls
  13 adders
  A shadow imp (D:11)
  2 worms
  2 dart slugs
  10 giant geckos
  43 orcs
  2 ball pythons
  7 giant cockroaches
  14 goblins
  11 hobgoblins
  14 jackals
  5 quokkas
  8 bats
  A giant cockroach zombie (D:5)
  A giant newt (D:4)
  A jackal zombie (D:5)
  14 kobolds
  6 rats
393 creatures vanquished.

Vanquished Creatures (others)
  A slave (D:8)
  A fungus (D:8)
  2 plants
4 creatures vanquished.

Grand Total: 397 creatures vanquished

Notes
Turn   | Place    | Note
--------------------------------------------------------------
     0 | D:1      | mopl the Hill Orc Fighter began the quest for the Orb.
     0 | D:1      | Reached XP level 1. HP: 19/19 MP: 1/1
   122 | D:1      | Reached skill level 3 in Axes
   305 | D:2      | Reached XP level 2. HP: 25/26 MP: 2/2
   324 | D:2      | Found a white marble altar of Elyvilon.
   384 | D:2      | Became a worshipper of Elyvilon the Healer
   478 | D:2      | Reached skill level 4 in Axes
   609 | D:2      | Reached XP level 3. HP: 29/31 MP: 3/3
   816 | D:2      | Reached skill level 5 in Axes
   884 | D:2      | Found an opulent altar of Gozag.
   907 | D:2      | Reached XP level 4. HP: 16/39 MP: 4/4
  1340 | D:3      | Noticed Robin
  1340 | D:3      | Reached * piety under Elyvilon
  1454 | D:2      | Reached skill level 6 in Axes
  1636 | D:3      | Killed Robin
  1636 | D:3      | Reached XP level 5. HP: 39/45 MP: 5/5
  1731 | D:3      | Reached skill level 7 in Axes
  2002 | D:3      | Noticed Ijyb
  2015 | D:3      | Killed Ijyb
  2186 | D:4      | Reached skill level 8 in Axes
  2186 | D:4      | Reached XP level 6. HP: 48/51 MP: 6/6
  2258 | D:4      | HP: 2/51 [ogre/giant club (4)]
  2549 | D:4      | Found a glowing golden altar of the Shining One.
  2550 | D:4      | Noticed Blork the orc
  2571 | D:4      | Killed Blork the orc
  2571 | D:4      | Reached skill level 9 in Axes
  2583 | D:4      | Fell from the grace of Elyvilon
  2583 | D:4      | Became a worshipper of the Shining One
  2846 | D:4      | Reached XP level 7. HP: 53/57 MP: 7/7
  2931 | D:4      | Got a brightly glowing ring mail
  2942 | D:4      | Identified the +5 ring mail of Pasotij {Slay+5} (You found it on level 4 of the Dungeon)
  3290 | D:5      | Entered Level 5 of the Dungeon
  3297 | D:5      | Reached * piety under the Shining One
  3302 | D:5      | Reached skill level 10 in Axes
  3438 | D:5      | Reached skill level 4 in Fighting
  3438 | D:5      | Reached skill level 1 in Dodging
  3454 | D:5      | Found a staircase to the Ecumenical Temple.
  3463 | D:5      | Noticed Grinder
  3479 | D:5      | Killed Grinder
  3479 | D:5      | Reached skill level 4 in Armour
  3479 | D:5      | Reached XP level 8. HP: 44/67 MP: 8/8
  3531 | D:5      | Reached skill level 11 in Axes
  3673 | D:5      | Reached skill level 2 in Dodging
  3939 | D:6      | Reached skill level 5 in Fighting
  4085 | D:6      | Found Eshree's Antique Weapon Shop.
  4090 | D:6      | Bought a scorched scythe for 216 gold pieces
  4095 | D:6      | Identified the +8 scythe of Ygipp {slice, Str+4 Int+3 Dex+3} (You bought it in a shop on level 6 of the Dungeon)
  4237 | D:6      | Found a burning altar of Makhleb.
  4238 | D:6      | Found a radiant altar of Vehumet.
  4601 | D:7      | Reached ** piety under the Shining One
  4683 | D:7      | Reached skill level 5 in Armour
  4687 | D:7      | Found a stormy altar of Qazlal.
  4690 | D:7      | Noticed a water elemental
  4690 | D:7      | Noticed an air elemental
  4697 | D:7      | Reached XP level 9. HP: 75/75 MP: 9/9
  4738 | D:7      | Found a shadowy altar of Dithmenos.
  4762 | D:7      | Reached skill level 3 in Dodging
  4783 | D:7      | Reached skill level 12 in Axes
  4825 | D:7      | Reached skill level 6 in Fighting
  4843 | D:7      | Found a shimmering altar of Xom.
  4843 | D:7      | Found a shimmering altar of Xom.
  4844 | D:7      | Found a shimmering altar of Xom.
  4845 | D:7      | Found a shimmering altar of Xom.
  4845 | D:7      | Found a shimmering altar of Xom.
  5400 | D:8      | Noticed Pikel
  5426 | D:8      | Killed Pikel
  5426 | D:8      | Reached skill level 7 in Fighting
  5426 | D:8      | Reached skill level 13 in Axes
  5426 | D:8      | Reached skill level 6 in Armour
  5426 | D:8      | Reached skill level 4 in Dodging
  5440 | D:8      | Found a staircase to the Lair.
  5460 | D:8      | Found Hackomoa's Distillery.
  5463 | D:8      | Bought a potion of flight for 33 gold pieces
  5463 | D:8      | Bought a potion of haste for 110 gold pieces
  5463 | D:8      | Bought a potion of ambrosia for 88 gold pieces
  5472 | D:8      | Found a bloodstained altar of Trog.
  5536 | D:8      | Reached XP level 10. HP: 72/86 MP: 10/10
  5796 | D:8      | Reached skill level 7 in Armour
  5941 | D:8      | Bought a potion of brilliance for 44 gold pieces
  5975 | D:9      | Reached *** piety under the Shining One
  6005 | D:9      | Learned a level 2 spell: Passwall
  6008 | D:9      | Learned a level 2 spell: Swiftness
  6140 | D:9      | Reached skill level 8 in Fighting
  6142 | D:9      | Reached skill level 14 in Axes
  6165 | D:9      | Noticed a hill giant
  6172 | D:9      | Killed a hill giant
  6172 | D:9      | Reached skill level 5 in Dodging
  6424 | D:9      | Noticed an unseen horror
  6443 | D:9      | Killed an unseen horror
  6493 | D:9      | Reached XP level 11. HP: 76/95 MP: 11/11
  6503 | D:9      | Reached skill level 8 in Armour
  6914 | D:9      | Reached skill level 9 in Fighting
  6940 | D:8      | Bought a potion of magic for 88 gold pieces
  6956 | D:10     | Entered Level 10 of the Dungeon
  6993 | D:10     | Reached skill level 15 in Axes
  7164 | D:10     | Found a staircase to the Orcish Mines.
  7228 | D:10     | Found Jennenox's Armour Boutique.
  7230 | D:10     | Reached **** piety under the Shining One
  7484 | D:10     | Noticed Harold
  7509 | D:10     | Killed Harold
  7509 | D:10     | Reached skill level 6 in Dodging
  7643 | D:10     | Noticed a hill giant
  7653 | D:10     | Killed a hill giant
  8299 | D:11     | Noticed a white ugly thing
  8318 | D:11     | Killed a white ugly thing
  8318 | D:11     | Reached skill level 9 in Armour
  8486 | D:11     | Reached skill level 16 in Axes
  8490 | D:11     | Reached skill level 10 in Fighting
  8682 | D:11     | Noticed a hill giant
  8693 | D:11     | Killed a hill giant
  8693 | D:11     | Reached skill level 1 in Invocations
  8693 | D:11     | Reached XP level 12. HP: 105/106 MP: 11/13
  8777 | D:11     | Reached skill level 2 in Invocations
  9736 | D:10     | Bought a +0 cloak of magic resistance for 161 gold pieces
 10024 | D:12     | Reached skill level 3 in Invocations
 10292 | D:13     | Noticed Chiseanne's ghost (journeyman GrWn)
 10331 | D:13     | Killed Chiseanne's ghost
 10331 | D:13     | Reached skill level 7 in Dodging
 10664 | D:13     | Learned a level 6 spell: Haste
 10891 | D:13     | Reached ***** piety under the Shining One
 11026 | D:13     | Reached skill level 4 in Invocations
 11208 | D:14     | Reached skill level 17 in Axes
 11705 | D:14     | Noticed a seven-headed hydra
 11717 | D:14     | Killed a two-headed hydra
 11780 | D:14     | Noticed a vault guard
 11784 | D:14     | Noticed a vault guard
 11785 | D:14     | Noticed a vault guard
 12278 | D:13     | Killed a vault guard
 12278 | D:13     | Reached skill level 11 in Fighting
 12278 | D:13     | Reached skill level 5 in Invocations
 12297 | D:14     | Reached skill level 10 in Armour
 12320 | D:14     | Killed a vault guard
 12320 | D:14     | Reached XP level 13. HP: 114/116 MP: 14/17
 12358 | D:14     | Found a gate to the Vaults.
 12379 | D:14     | Noticed a vault guard
 12614 | D:13     | Killed a vault guard
 12915 | D:14     | Reached skill level 6 in Invocations
 13132 | D:14     | Killed a vault guard
 13239 | D:14     | Demolished by a hill giant

Skill      XL: |  1  2  3  4  5  6  7  8  9 10 11 12 13 |
---------------+----------------------------------------+-----
Axes           | 3 4 5 6 8 9 10 11 13 14 16 17 | 17.9
Fighting       | 4 5 7 8 10 11 | 11.5
Dodging        | 1 2 4 5 6 7 |  7.7
Armour         | 4 5 6 7 9 10 | 10.4
Invocations    | 1 5 6 |  6.1
Shields        | |  3.2

Action                   |  1- 3 |  4- 6 |  7- 9 | 10-12 | 13-15 || total
-------------------------+-------+-------+-------+-------+-------++-------
Melee: War axe           |   111 |   150 |   235 |    56 |       ||   552
       Battleaxe         |       |       |       |   497 |    63 ||   560
Invok: Summon Divine War |       |       |       |     1 |       ||     1
Evoke: Rod               |       |       |       |     3 |       ||     3
  Use: Scroll            |       |     1 |     1 |    11 |       ||    13
       Potion            |       |       |       |     1 |       ||     1
  Eat: Chunk             |       |     7 |     8 |    19 |     3 ||    37
       Beef jerky        |       |       |       |     2 |       ||     2
       Fruit             |       |       |       |     3 |       ||     3
Armor: Scale mail        |    47 |    73 |     6 |       |       ||   126
       Ring mail         |       |       |    83 |    85 |       ||   168
       Plate armour      |       |       |       |   149 |    43 ||   192
Dodge: Dodged            |    33 |    32 |    75 |   284 |    29 ||   453
Block: Shield            |    66 |    92 |    96 |    23 |       ||   277
